 Dungeon Crawl Stone Soup version 0.19-a0-1201-gda63bca (webtiles) character file.

258 Duffy the Twirler (level 5, -3/41 HPs)
             Began as a Centaur Gladiator on Aug 21, 2016.
             Slain by an ogre
             ... wielding a +0 giant spiked club
              (17 damage)
             ... on level 4 of the Dungeon.
             The game lasted 00:04:17 (4348 turns).

Duffy the Twirler (Centaur Gladiator)               Turns: 4348, Time: 00:04:18

Health: -3/41      AC:  9    Str: 18    XL:     5   Next: 94%
Magic:  5/5        EV:  5    Int:  7    God:
Gold:   262        SH:  0    Dex: 10    Spells: 0 memorised, 4 levels left

rFire  . . .     SeeInvis .     a - +0 quarterstaff
rCold  . . .     Gourm    .     z - +0 chain mail
rNeg   . . .     Faith    .     (shield currently unavailable)
rPois  +         Spirit   .     c - +0 helmet
rElec  .         Dismiss  .     (no cloak)
rCorr  .         Reflect  .     p - +0 pair of gloves
MR     .....     Harm     .     (no barding)
Stlth  ..........               (no amulet)
                                D - ring of stealth
                                v - ring of poison resistance

@: very quick
A: hooves 3, deformed body, speed 2, tough skin 3
a: no special abilities


You were on level 4 of the Dungeon.
You were not hungry.

You visited 1 branch of the dungeon, and saw 4 of its levels.

You collected 262 gold pieces.

Inventory:

Hand Weapons
 a - a +0 quarterstaff (weapon)
Missiles
 d - a throwing net
 F - 3 tomahawks (quivered)
Armour
 b - a +0 leather armour
 c - a +0 helmet (worn)
 p - a +0 pair of gloves (worn)
 z - a +0 chain mail (worn)
Jewellery
 v - a ring of poison resistance (left hand)
 x - a +3 ring of intelligence
 D - a ring of stealth (right hand)
Wands
 y - a wand of flame (44/48)
Scrolls
 g - a scroll of magic mapping {unknown}
 h - 3 scrolls of enchant weapon {unknown}
 i - 4 scrolls of identify {unknown}
 k - 4 scrolls of recharging {unknown}
 m - 7 scrolls of remove curse {unknown}
 n - 2 scrolls of fog {unknown}
 o - 3 scrolls of teleportation {unknown}
 t - a scroll of immolation {unknown}
 u - a scroll of amnesia {unknown}
 E - a scroll of blinking {unknown}
 G - a scroll of noise {unknown}
Potions
 e - 4 potions of degeneration {unknown}
 j - 2 potions of heal wounds {unknown}
 l - a potion of lignification {unknown}
 q - 2 potions of flight {unknown}
 r - 2 potions of might {unknown}
 s - a potion of agility {unknown}
 C - 3 potions of brilliance {unknown}
Comestibles
 f - 2 bread rations
 w - 3 meat rations


   Skills:
 - Level 2.0 Fighting
 + Level 6.1 Staves
 - Level 2.1 Throwing
 - Level 2.1 Dodging


You had 4 spell levels left.
You didn't know any spells.

Dungeon Overview and Level Annotations

Branches:
Dungeon (4/15)
 Temple: D:4-7

Altars:
Gozag
Hepliaklqana
Okawaru
Qazlal
Uskayaw
Zin

Shops:
D:4 *

Annotations:
D:4 1 exclusion


Innate Abilities, Weirdness & Mutations

You have hooves in place of feet.
Armour fits poorly on your strangely shaped body.
You cover ground very quickly.
You have extremely tough skin. (AC +3)


Message History

You are too injured to fight recklessly!
You are too injured to fight recklessly!
You are too injured to fight recklessly!
You are too injured to fight recklessly!
You are too injured to fight recklessly!
You are too injured to fight recklessly!
You are too injured to fight recklessly!
You are too injured to fight recklessly!
You are too injured to fight recklessly!
You are too injured to fight recklessly!
You hit the ogre.
The ogre is lightly wounded.
Your chain mail prevents you from hitting the ogre.
You kick the ogre, but do no damage.
The ogre is lightly wounded.
The ogre barely misses you.
You hit the ogre. Your kick misses the ogre.
The ogre is moderately wounded.
The ogre hits you with a giant spiked club!
You die...

#.....# #.. ####.## #.#
####.#### #.# ........#
#.# ####.##.# #.# #
#.##.########.#######
####.##.........?.......
.(...........###.######
##########.#.# #@# #.#.#
#O# #.#.# #.# #.#.# #.#
#>... ..# ....# ###
#####


You could see an ogre.

Vanquished Creatures
  Sigmund (D:3)
  Jessica (D:3)
  An adder (D:4)
  An adder skeleton (D:4)
  A worm (D:2)
  A dart slug (D:1)
  5 orcs (D:3)
  5 giant cockroaches
  8 goblins
  7 hobgoblins
  3 jackals (D:2)
  2 kobolds
  3 quokkas
  5 bats
  2 giant newts
  6 rats
52 creatures vanquished.

Notes
Turn   | Place    | Note
-------+----------+-------------------------------------------
     0 | D:1      | Duffy the Centaur Gladiator began the quest for the Orb.
     0 | D:1      | Reached XP level 1. HP: 17/17 MP: 1/1
   240 | D:1      | Reached skill level 3 in Staves
   684 | D:2      | Found a hide-covered altar of Uskayaw.
   694 | D:2      | Reached XP level 2. HP: 24/24 MP: 2/2
  1192 | D:2      | Reached XP level 3. HP: 29/29 MP: 3/3
  1375 | D:2      | Found an iron altar of Okawaru.
  1447 | D:2      | Found a glowing silver altar of Zin.
  1447 | D:2      | Found an opulent altar of Gozag.
  1763 | D:2      | Reached skill level 4 in Staves
  2265 | D:3      | Found a hazy altar of Hepliaklqana.
  2289 | D:3      | Found a stormy altar of Qazlal.
  2897 | D:3      | Noticed Sigmund
  3672 | D:3      | Killed Sigmund
  3672 | D:3      | Reached skill level 5 in Staves
  3672 | D:3      | Reached XP level 4. HP: 16/36 MP: 4/4
  3672 | D:3      | Reached XP level 5. HP: 19/41 MP: 5/5
  3935 | D:3      | Noticed Jessica
  3942 | D:3      | Killed Jessica
  3942 | D:3      | Reached skill level 6 in Staves
  4107 | D:4      | Found Vilayca's Assorted Antiques.
  4342 | D:4      | Noticed an ogre
  4348 | D:4      | Slain by an ogre

Vault maps used:
D:1:      dpeg_arrival_windows_large_door, hangedman_decor_slide_cut
D:2:      grunt_temple_overflow_gold_and_silver, old_standard_altar,
          lemuel_coloured_pillars_altar
D:3:      lemuel_crystal_altar, grunt_qazlal_sundering, uniq_sigmund,
          uniq_jessica
D:4:      old_standard_altar, first_bread, serial_shops,
          nicolae_shop_window_shopping, tgw_sif

Skill      XL: |  1  2  3  4  5 |
---------------+----------------+-----
Staves         | 3 5 6 |  6.1
Fighting       | |  2.0
Throwing       | |  2.1
Dodging        | |  2.1

Action                   |  1- 3 |  4- 6 || total
-------------------------+-------+-------++-------
Melee: Quarterstaff      |   136 |    21 ||   157
       Kick              |    30 |     6 ||    36
Throw: Throwing net      |     2 |       ||     2
       Tomahawk          |     2 |       ||     2
  Eat: Chunk             |     5 |     2 ||     7
       Fruit             |     2 |       ||     2
Armor: Leather armour    |    28 |       ||    28
       Chain mail        |    52 |    13 ||    65
Dodge: Dodged            |    40 |     6 ||    46
